 Dungeon Crawl Stone Soup version 0.31.0-11-ge490571c62 (webtiles) character file.

Game seed: 421858267182521580

109 Marvel the Trooper (level 4, -2/60 HPs)
             Began as a Draconian Fighter on Feb 10, 2024.
             Slain by a human zombie (6 damage)
             ... in an ossuary.
             The game lasted 00:04:12 (3293 turns).

Marvel the Trooper (Draconian Fighter)              Turns: 3293, Time: 00:04:13

Health: -2/60      AC: 22    Str: 19 (21) XL:     4   Next: 59%
Magic:  4/4        EV:  2    Int:  5 (8)  God:
Gold:   101        SH:  5    Dex: 14 (16) Spells: 3/3 levels left

rFire   . . .        a - +0 flail
rCold   . . .        b - +0 buckler
rNeg    . . .        (body armour unavailable)
rPois   +            (helmet currently unavailable)
rElec   .            (cloak currently unavailable)
rCorr   .            (gloves currently unavailable)
SInv    .            (boots currently unavailable)
Will    .....        (no amulet)
Stlth   ++           m - +6 ring of dexterity
HPRegen 0.30/turn    (no ring)
MPRegen 0.09/turn

%: no passive effects
@: tree-form, hasted, very quick
A: stationary, stasis, torment immunity, boosted hp, AC +5, unfitting armour,
(cold-blooded)
a: no special abilities


You were in an ossuary.
You were a tree.
You visited 1 branch of the dungeon, and saw 4 of its levels.
You also visited: Ossuary.

You collected 210 gold pieces.
You spent 109 gold pieces at shops.

Inventory:

Hand Weapons
 a - a +0 flail (weapon)
 p - a +0 dagger of venom
Missiles
 o - 8 poisoned darts (quivered)
Armour
 b - a +0 buckler (worn)
Jewellery
 m - a +6 ring of dexterity (left branch)
Scrolls
 f - 2 scrolls of enchant weapon {unknown}
 h - 4 scrolls of identify {unknown}
 k - a scroll of brand weapon {unknown}
 n - 2 scrolls of poison {unknown}
 q - 5 scrolls of immolation {unknown}
 s - 2 scrolls of fear {unknown}
 t - a scroll of enchant armour {unknown}
Potions
 c - a potion of might
 d - 2 potions of haste
 e - a potion of magic {unknown}
 g - a potion of curing
 i - a potion of brilliance {unknown}
 j - a potion of degeneration
 l - 2 potions of heal wounds {unknown}
 r - 2 potions of lignification


   Skills:
 + Level 3.8 Fighting
 + Level 2.9 Maces & Flails
 + Level 3.6 Dodging
 + Level 1.0 Stealth
 + Level 3.5 Shields


You had 3 spell levels left.
You didn't know any spells.
Your spell library contained the following spells:

 Spells                   Type           Power      Damage    Failure   Level
 Gell's Gravitas          Tloc           0%         N/A       89%         3
 Stone Arrow              Conj/Erth      0%         3d7       89%         3
 Teleport Other           Tloc           0%         N/A       89%         3
 Dispersal                Tloc           0%         N/A       100%        6
 Lehudib's Crystal Spear  Conj/Erth      0%         10d2      100%        8
 Animate Armour           Summ/Erth      Unusable   N/A       N/A         4

Dungeon Overview and Level Annotations

Branches:
Dungeon (4/15)            Ossuary (1/1)
 Temple: D:4-7

Altars:
Nemelex Xobeh
Sif Muna
Wu Jian

Shops:
D:4 *

Annotations:
D:4 3 runed translucent doors, TangoThomas's ghost, amateur DsBr; lasso's ghost, novice OpSh


Innate Abilities, Weirdness & Mutations

You are a tree.
Your roots penetrate the ground, keeping you stationary.
You cannot be teleported.
You are immune to unholy pain and torment.
Your maximum health is greatly increased.
Your equipment is partially melded.
((Your plain brown scales are hard. (AC +5)))
You cannot fit into any form of body armour.
((You are cold-blooded and may be slowed by cold attacks.))


Message History

You sock the human zombie!
The human zombie is moderately damaged.
The human zombie hits you but does no damage.
You sock the human zombie!
The human zombie is heavily damaged.
The human zombie hits you but does no damage.
The mummy hits you.
* * * LOW HITPOINT WARNING * * *
The human zombie hits you but does no damage.
You barely miss the human zombie.
The human zombie is heavily damaged.
The mummy hits you.
* * * LOW HITPOINT WARNING * * *
You block the human zombie's attack.
It was a potion of haste.
You feel yourself speed up.
It was a potion of curing.
You feel better. The human zombie hits you.
* * * LOW HITPOINT WARNING * * *
The mummy hits you but does no damage.
It was a potion of degeneration.
There was something very wrong with that liquid.
You feel weakened.
You feel dopey.
You feel clumsy.
The human zombie hits you but does no damage.
You hit the human zombie.
The human zombie is heavily damaged.
The mummy hits you.
* * * LOW HITPOINT WARNING * * *
You barely miss the human zombie.
The human zombie is heavily damaged.
The human zombie hits you.
* * * LOW HITPOINT WARNING * * *
You hit the human zombie.
The human zombie is heavily damaged.
The mummy hits you but does no damage.
The human zombie hits you but does no damage.
You sock the human zombie!
The human zombie is heavily damaged.
You hit the human zombie.
The human zombie is severely damaged.
The human zombie hits you.
You die...

####################
......∩.ZZ........#!
.......♣MZ........#!
....#####.........#+
........Z...........
.....................
...............##...
...............##..
........Z...........
....................
...................#


You could see a mummy, a rat zombie, a hobgoblin zombie and a human zombie.

Vanquished Creatures
  A hound zombie (Ossuary)
  3 adders
  4 dart slugs
  2 ribbon worms (D:2)
  An orc (D:3)
  3 endoplasms
  2 giant cockroaches
  5 hobgoblins
  5 quokkas
  5 ball pythons
  4 bats
  3 frilled lizards
  6 goblins
  A goblin zombie (Ossuary)
  A jackal zombie (Ossuary)
  6 kobolds
  An orc zombie (Ossuary)
  2 rats
  2 rat zombies (Ossuary)
57 creatures vanquished.

Notes
Turn   | Place    | Note
-------+----------+-------------------------------------------
     0 | D:1      | Marvel the Draconian Fighter began the quest for the Orb.
     0 | D:1      | Reached XP level 1. HP: 19/19 MP: 1/1
   170 | D:1      | You fall into a shaft and drop 1 floor!
   405 | D:2      | Reached XP level 2. HP: 18/26 MP: 2/2
   832 | D:2      | Reached XP level 3. HP: 26/31 MP: 3/3
  2098 | D:3      | Found an ornate altar of the Wu Jian Council.
  2197 | D:3      | Found a sparkling altar of Nemelex Xobeh.
  2443 | D:3      | Identified the +6 rapier "Imigar" {freeze, rC+}
  2595 | D:3      | Found a shimmering blue altar of Sif Muna.
  2842 | D:3      | Found a faded altar of an unknown god.
  2968 | D:4      | Found Tupruo's Assorted Antiques.
  2975 | D:4      | Bought a scroll labelled ECOFOOCWIM for 28 gold pieces
  2975 | D:4      | Bought a scroll labelled UPAATO RECLIPHYIS for 28 gold
                  | pieces
  2975 | D:4      | Bought a scroll labelled YNEICW HYTSAE for 28 gold pieces
  2975 | D:4      | Bought a bubbling silvery potion for 25 gold pieces
  3021 | D:4      | Reached XP level 4. HP: 40/40 MP: 4/4
  3120 | D:4      | Identified the +0 robe of Ikeroenk {Dex+3}
  3176 | D:4      | Found a runed translucent gate.
  3177 | D:4      | Found a runed translucent gate.
  3178 | D:4      | Found a runed translucent gate.
  3179 | D:4      | Noticed TangoThomas's ghost (amateur DsBr)
  3179 | D:4      | Noticed lasso's ghost (novice OpSh)
  3234 | D:4      | Found a sand-covered staircase.
  3241 | Ossuary  | Entered an ossuary
  3264 | Ossuary  | Reached skill level 1 in Stealth
  3285 | Ossuary  | HP: 1/60 [mummy (5)]
  3293 | Ossuary  | Slain by a human zombie

Illustrated notes

Levels and vault maps discovered:
D:1:      kilobyte_arrival_exit_the_forest, layout_loops_corners,
          minmay_split_cup_large
D:2:      layout_loops_ring, amcnicky_mini_corridor_feature
D:3:      layout_loops_ring, nemelex_xobeh_ov_fountains_minmay,
          pdpol_wu_jian_five_deadly_venoms, mainiacjoe_overflow_surrounded_room,
          dreamdust_ecumenical_altar_hidden_monk_grotto
D:4:      layout_basic, minmay_temple_entry_gardened_gates,
          gammafunk_ghost_cemetery, nicolae_ossuary_entry_monument,
          serial_shops, nicolae_square_shop
Ossuary:  ossuary_minmay_tomb_2a

Skill      XL: |  1  2  3  4 |
---------------+-------------+-----
Dodging        | 3 |  3.6
Stealth        | 1 |  1.0
Fighting       | |  3.8
Maces & Flails | |  2.9
Shields        | |  3.5

Action                     |  1- 3 |  4- 6 || total
---------------------------+-------+-------++-------
  Melee: Flail             |   103 |    36 ||   139
         Tailslap          |    12 |     8 ||    20
         Dagger            |    30 |    19 ||    49
    Use: Potion            |       |     4 ||     4
   Stab: Sleeping          |     2 |       ||     2
 Armour: Skin              |    74 |    54 ||   128
  Dodge: Dodged            |    64 |    48 ||   112
  Block: Buckler           |    35 |    11 ||    46
